 Dungeon Crawl Stone Soup version 0.28-a0-802-g09f76e8c00 (webtiles) character file.

Game seed: 3954497191313743405

16 bande the Shield-Bearer (level 2, 0/19 HPs)
             Began as a Gargoyle Fighter on Nov 7, 2021.
             Slain by a worm (7 damage)
             ... on level 2 of the Dungeon.
             The game lasted 00:01:00 (1287 turns).

bande the Shield-Bearer (Gargoyle Fighter)          Turns: 1287, Time: 00:01:00

Health: 0/19       AC:  9    Str: 19    XL:     2   Next: 54%
Magic:  2/2        EV:  9    Int:  8    God:
Gold:   59         SH:  4    Dex:  9    Spells: 1/1 levels left

rFire   . . .      SeeInvis .   a - +0 war axe
rCold   . . .      Faith    .   c - +0 buckler
rNeg    + . .      Spirit   .   b - +0 scale mail
rPois   ∞          Reflect  .   (no helmet)
rElec   +          Harm     .   (no cloak)
rCorr   .          Rampage  .   (no gloves)
Will    .....                   (no boots)
Stlth   ..........              (no amulet)
HPRegen 0.06/turn               (no ring)
MPRegen 0.08/turn               (no ring)

@: no status effects
A: sickness immunity, AC +2, negative energy resistance 1, electricity
resistance, torment resistance 1, petrification resistance
a: no special abilities


You were on level 2 of the Dungeon.
You visited 1 branch of the dungeon, and saw 2 of its levels.

You collected 59 gold pieces.

Inventory:

Hand Weapons
 a - a +0 war axe (weapon)
Armour
 b - a +0 scale mail (worn)
 c - a +0 buckler (worn)
Scrolls
 f - a scroll of enchant weapon {unknown}
 h - 2 scrolls of teleportation {unknown}
 i - 2 scrolls of identify {unknown}
 j - a scroll of amnesia {unknown}
Potions
 d - a potion of might
 e - a potion of degeneration {unknown}
 g - a potion of attraction {unknown}


   Skills:
 + Level 3.5 Fighting
 + Level 1.8 Axes
 + Level 3.5 Armour
 + Level 0.1 Dodging
 + Level 3.6 Shields


You had one spell level left.
You didn't know any spells.
Your spell library was empty.

Dungeon Overview and Level Annotations

Branches:
Dungeon (2/15)

Altars:


Innate Abilities, Weirdness & Mutations

You are immune to sickness and miasma.
Your stone body is resilient. (AC +2)
You are immune to poison.
You resist negative energy. (rN+)
You are resistant to electric shocks. (rElec)
You are resistant to unholy torment.
You are immune to petrification.


Message History

You hit the ball python.
You kill the ball python!
There is a stone staircase leading up here.
An endoplasm comes into view.
The endoplasm quivers.
The endoplasm freezes you.
You are frozen.
You barely miss the endoplasm. You hit the worm. The endoplasm misses you.
The endoplasm freezes you.
You are frozen.
You slash the worm!
The worm is severely wounded.
You hit the endoplasm but do no damage. The worm bites you.
You block the endoplasm's attack.
You hit the worm.
The worm is severely wounded.
You hit the endoplasm. The endoplasm closely misses you.
You block the worm's attack. The endoplasm freezes you.
You are frozen.
You hit the worm.
The worm is severely wounded.
You slash the endoplasm!
You kill the endoplasm!
The worm bites you.
You are too injured to fight recklessly!
You are too injured to fight recklessly!
You are too injured to fight recklessly!
You are too injured to fight recklessly!
You are too injured to fight recklessly!
You are too injured to fight recklessly!
You are too injured to fight recklessly!
You are too injured to fight recklessly!
You are too injured to fight recklessly!
You are too injured to fight recklessly!
You are too injured to fight recklessly!
You hit the worm.
The worm is severely wounded.
The worm bites you!
You die...

#.# .#
##.# ##.
#... ..
#..# #.
#..# .# #
#..##.# .#
#.<#..#..#
#........#
#.##@##.##
#....w..#
####...##
......
......#
##..##.#
#.## .#
#.# #


You could see a worm.

Vanquished Creatures
  An endoplasm (D:2)
  2 giant cockroaches (D:1)
  2 goblins (D:1)
  A hobgoblin (D:1)
  A quokka (D:1)
  4 ball pythons
  2 bats (D:1)
  A kobold (D:1)
  A rat (D:1)
15 creatures vanquished.

Notes
Turn   | Place    | Note
-------+----------+-------------------------------------------
     0 | D:1      | bande the Gargoyle Fighter began the quest for the Orb.
     0 | D:1      | Reached XP level 1. HP: 14/14 MP: 1/1
   381 | D:1      | Reached XP level 2. HP: 8/19 MP: 2/2
  1287 | D:2      | Slain by a worm

Illustrated notes

Levels and vault maps discovered:
D:1:      dpeg_arrival_erosion, layout_loops_ring, corexii_corridor_pit,
          minmay_strange_pillars, minmay_tromino_v4_b
D:2:      layout_loops_corners, kennysheep_generic_room_11

Action                   || total
-------------------------++-------
Melee: War axe           ||    43
Armor: Scale mail        ||    15
Dodge: Dodged            ||    19
Block: Buckler           ||     7

Table legend: (Time is in decaauts)
 A = Elapsed time spent in this place.
 B = Non-inter-level travel time spent in this place.
 C = Inter-level travel time spent in this place.
 D = Time resting spent in this place.
 E = Time spent auto-exploring this place.
 F = Levels seen in this place.
 G = Mean time per level.
                   A        B        C        D        E       F      G
               +--------+--------+--------+--------+--------+-----+--------+
         Total |   1304 |   1288 |     16 |    368 |    809 |   2 |  652.0 |
       Dungeon |   1304 |   1288 |     16 |    368 |    809 |   2 |  652.0 |
               +--------+--------+--------+--------+--------+-----+--------+

Top non-repeatable levels by time:
     D:1: 1290 daAuts
     D:2: 13 daAuts
